 Dungeon Crawl Stone Soup version 0.24-a0-264-gf46a388 (webtiles) character file.

Game seed: 17160761292577187183

1608 Hasart the Insei (level 8, 0/56 HPs)
             Began as an Octopode Monk on Apr 20, 2019.
             Was an Initiate of Gozag.
             Slain by a worker ant (5 damage)
             ... on level 6 of the Dungeon.
             The game lasted 00:13:00 (6294 turns).

Hasart the Insei (Octopode Monk)                    Turns: 6294, Time: 00:13:02

Health: 0/56       AC:  1    Str: 10    XL:     8   Next: 95%
Magic:  0/10       EV: 17    Int: 13    God:    Gozag
Gold:   714        SH:  0    Dex: 16    Spells: 7/7 levels left

rFire    . . .     SeeInvis .     - Unarmed
rCold    . . .     Gourm    .   (no shield)
rNeg     . . .     Faith    .   (helmet restricted)
rPois    .         Spirit   +   i - amulet of guardian spirit
rElec    .         Reflect  .   r - ring of attention
rCorr    .         Harm     .   (no ring)
MR       .....                  (no ring)
Stlth    ++++......             (no ring)
HPRegen  0.18/turn              (no ring)
MPRegen  0.12/turn              (no ring)
                                (no ring)
                                (no ring)

@: about to teleport, marked, gold aura
A: almost no armour, stealthy swim, amphibious, 8 rings, constrict 8, camouflage
1, gelatinous body 1
a: Potion Petition, Call Merchant, Bribe Branch, Renounce Religion


You were on level 6 of the Dungeon.
You worshipped Gozag.
Gozag was pleased with you.
You were not hungry.

You visited 1 branch of the dungeon, and saw 6 of its levels.

You collected 714 gold pieces.

Inventory:

Missiles
 t - a throwing net (quivered)
Jewellery
 i - an amulet of guardian spirit (around mantle)
 r - a ring of attention (left tentacle)
Wands
 f - a wand of random effects (26)
 o - a wand of iceblast (9)
 s - a wand of paralysis (17)
Scrolls
 b - a scroll of fog {unknown}
 c - a scroll of enchant weapon {unknown}
 e - 8 scrolls of identify
 g - 3 scrolls of teleportation
 l - a scroll of amnesia {unknown}
Potions
 d - a potion of brilliance
 h - 3 potions of magic
 j - a potion of haste
 k - 2 potions of lignification {unknown}
 m - 2 potions of resistance {unknown}
 n - a potion of cancellation {unknown}
 p - 4 potions of curing {unknown}
Comestibles
 a - 4 rations


   Skills:
 + Level 5.5 Fighting
 + Level 5.5 Dodging
 + Level 7.2 Stealth
 * Level 7.3 Unarmed Combat
 + Level 3.0 Evocations


You had 7 spell levels left.
You didn't know any spells.
Your spell library contained the following spells:

 Spells                   Type           Power        Failure   Level  Hunger
 Magic Dart               Conj           #...         30%         1    ##.....
 Blink                    Tloc           N/A          43%         2    ###....
 Call Imp                 Summ           #.......     43%         2    ###....
 Slow                     Hex            #.......     43%         2    ###....
 Conjure Flame            Conj/Fire      #.......     67%         3    ####...
 Mephitic Cloud           Conj/Pois/Air  #.......     67%         3    ####...


Dungeon Overview and Level Annotations

Branches:
Dungeon (6/15)             Temple (0/1) D:5

Altars:
Gozag
Qazlal
Vehumet
Yredelemnul

Shops:
D:5 *


Innate Abilities, Weirdness & Mutations

You cannot wear most types of armour.
You are very stealthy in the water. (Stealth+)
You are amphibious.
You can wear up to eight rings at the same time.
You can use your tentacles to constrict eight enemies at once.
Your skin changes colour to match your surroundings (Stealth+).
Your rubbery body absorbs attacks. (AC +1, EV +1)


Message History

The orc warrior hits you with a +0 war axe!
You tentacle-slap the orc. You grab the orc.
The orc is heavily wounded.
You constrict the orc.
The orc is no longer distracted by gold.
The orc barely misses you.
You tentacle-slap the orc.
You kill the orc!
The orc warrior hits you with a +0 war axe!
Items here: $ ( )) 12 gold pieces; a +0 flail; 3 tomahawks; a +0 hand axe A worker ant comes into view.
The worker ant closely misses you.
As you read the scroll of teleportation, it crumbles to dust.
You feel strangely unstable. The worker ant misses you.
The orc warrior hits you with a +0 war axe!!
* * * LOW HITPOINT WARNING * * *
The worker ant bites you.
You die...
Your body crumbles into a pile of gold.

#$# #o# #o# #.# #o#
#o# #$# #o########
#.o@a....#
########.###.##.####
.........# #.##....#
########.###.#####.#
#.....# #.# #####.#
#.# #..# #.# ###
#.## #.# #.. #.#
#.######..


You could see an orc warrior, a worker ant and an orc.

Vanquished Creatures
  2 water moccasins (D:5)
  An orc warrior (D:5)
  An ice beast (D:5)
  2 phantoms
  A bullfrog (D:3)
  Blork the orc (D:5)
  3 scorpions
  4 crimson imps
  4 hounds
  A jelly (D:4)
  An orc priest (D:4)
  Jessica (D:3)
  Ijyb (D:5)
  2 iguanas
  5 orc wizards
  A worker ant (D:4)
  5 adders
  2 shadow imps (D:5)
  5 worms
  3 leopard geckos
  18 orcs
  2 ball pythons
  12 bats
  5 giant cockroaches
  2 gnoll zombies (D:2)
  2 goblins
  11 hobgoblins
  4 jackals (D:4)
  3 quokkas
  A frilled lizard (D:2)
  12 kobolds
  A leopard gecko skeleton (D:5)
  A quokka zombie (D:5)
  9 rats
129 creatures vanquished.

Notes
Turn   | Place    | Note
-------+----------+-------------------------------------------
     0 | D:1      | Hasart the Octopode Monk began the quest for the Orb.
     0 | D:1      | Reached XP level 1. HP: 16/16 MP: 1/1
   216 | D:1      | Reached XP level 2. HP: 15/21 MP: 2/2
   573 | D:1      | Reached XP level 3. HP: 23/26 MP: 3/3
  1337 | D:2      | Found a radiant altar of Vehumet.
  1469 | D:2      | Reached XP level 4. HP: 23/31 MP: 4/4
  1716 | D:2      | Found a basalt altar of Yredelemnul.
  2241 | D:2      | Found an opulent altar of Gozag.
  2434 | D:4      | Reached XP level 5. HP: 33/36 MP: 5/5
  2505 | D:2      | Became a worshipper of Gozag Ym Sagoz the Greedy
  2811 | D:3      | Noticed Jessica
  2817 | D:3      | Killed Jessica
  2817 | D:3      | Reached XP level 6. HP: 41/43 MP: 6/6
  2916 | D:3      | Found a glowing drain.
  3376 | D:4      | Reached skill level 5 in Unarmed Combat
  3693 | D:4      | Reached skill level 5 in Stealth
  3714 | D:4      | Reached XP level 7. HP: 35/48 MP: 5/7
  4013 | D:5      | Entered Level 5 of the Dungeon
  4028 | D:5      | Found a staircase to the Ecumenical Temple.
  4307 | D:5      | Found a stormy altar of Qazlal.
  4415 | D:5      | Reached skill level 1 in Evocations
  4451 | D:5      | Found Terr's Serpentskin Sales.
  4460 | D:5      | Reached XP level 8. HP: 32/54 MP: 4/9
  4471 | D:5      | Reached skill level 5 in Dodging
  4842 | D:5      | Reached skill level 5 in Fighting
  4975 | D:5      | Noticed Blork the orc
  4984 | D:5      | Killed Blork the orc
  5450 | D:5      | Noticed Ijyb
  5467 | D:5      | Killed Ijyb
  6294 | D:6      | Slain by a worker ant

Levels and vault maps discovered:
D:1:      giann_bridges, layout_rooms, kennysheep_crisscross
D:2:      layout_loops_ring, nicolae_gozag_cash_rules_everything_around_me,
          vehumet_crystals, lemuel_zombie_altar_yredelemnul, minmay_cupped
D:3:      layout_basic, cheibrodos_sewer_entry_bend, serial_curves,
          eino_curves_04, eino_curves_03, kennysheep_jessica_study
D:4:      layout_gridville
D:5:      layout_basic, lemuel_crystal_altar, minmay_temple_entry_mist,
          first_ration, guppyfry_shop_venom, uniq_ijyb, uniq_blork_the_orc
D:6:      layout_loops_ring, serial_shops, shop, roderic_lattice_a, nrook_uturn,
          chequers_serial_rivers_micro_c, lightli_orcish_oven

Skill      XL: |  1  2  3  4  5  6  7  8 |
---------------+-------------------------+-----
Stealth        | 3 4 5 6 7 |  7.2
Unarmed Combat | 4 5 6 7 |  7.3
Dodging        | 4 5 |  5.5
Fighting       | 4 5 |  5.5
Evocations     | 1 3 |  3.0

Action                   |  1- 3 |  4- 6 |  7- 9 || total
-------------------------+-------+-------+-------++-------
Melee: Unarmed           |   105 |   116 |   187 ||   408
       Constrict         |    26 |    32 |    35 ||    93
       Tentacles         |    18 |    33 |    44 ||    95
       Punch             |     4 |     1 |    13 ||    18
Evoke: Wand              |       |       |     1 ||     1
  Use: Scroll            |       |       |     8 ||     8
       Potion            |       |       |     3 ||     3
 Stab: Sleeping          |    13 |     9 |     6 ||    28
       Paralysed         |       |       |     5 ||     5
       Distracted        |       |       |     1 ||     1
  Eat: Chunk             |     2 |     3 |       ||     5
       Ration            |       |     1 |     3 ||     4
Armor: Skin              |     7 |     7 |     6 ||    20
Dodge: Dodged            |    77 |    64 |   105 ||   246

Table legend:
 A = Non-vault XP
 B = Vault XP
 C = Vault XP percentage of total XP
 D = Non-vault monster count
 E = Vault monster count
 F = Vault count percentage of total count
                 A         B        C        D         E       F
            +---------+---------+-------+---------+---------+-------
      Total |    1784 |     514 |  22.4 |     114 |      15 |  11.6
            +---------+---------+-------+---------+---------+-------
        D:1 |      46 |       0 |   0.0 |      27 |       0 |   0.0
        D:2 |      66 |      21 |  24.1 |      22 |       5 |  18.5
        D:3 |     116 |      49 |  29.7 |      13 |       4 |  23.5
        D:4 |     392 |       0 |   0.0 |      23 |       0 |   0.0
        D:5 |     811 |     441 |  35.2 |      21 |       5 |  19.2
        D:6 |     353 |       3 |   0.8 |       8 |       1 |  11.1
            +---------+---------+-------+---------+---------+-------
